 Dungeon Crawl Stone Soup version 0.22.1-2-g9c5b331 (webtiles) character file.

147 whitewolfNL the Cudgeler (level 5, -1/47 HPs)
             Began as a Minotaur Berserker on Nov 27, 2018.
             Was a Believer of Trog.
             Killed from afar by Sigmund (6 damage)
             ... with a puff of flame
             ... on level 2 of the Dungeon.
             The game lasted 00:04:51 (1804 turns).

whitewolfNL the Cudgeler (Minotaur Berserker)       Turns: 1804, Time: 00:04:52

Health: -1/47      AC:  3    Str: 21    XL:     5   Next: 8%
Magic:  4/4        EV: 12    Int:  5    God:    Trog [**....]
Gold:   88         SH:  0    Dex: 10    Spells: 4/4 levels left

rFire    . . .     SeeInvis .   a - +0 mace
rCold    . . .     Gourm    .   (no shield)
rNeg     . . .     Faith    .   o - +0 leather armour
rPois    .         Spirit   .   (helmet restricted)
rElec    .         Reflect  .   (no cloak)
rCorr    .         Harm     .   (no gloves)
MR       .....                  (no boots)
Stlth    +.........             (no amulet)
HPRegen  0.15/turn              (no ring)
MPRegen  0.09/turn              (no ring)

@: no status effects
A: retaliatory headbutt, horns 2
a: Berserk, Trog's Hand, Renounce Religion


You were on level 2 of the Dungeon.
You worshipped Trog.
Trog was pleased with you.
You were near starving.

You visited 1 branch of the dungeon, and saw 2 of its levels.

You collected 88 gold pieces.

Inventory:

Hand Weapons
 a - a +0 mace (weapon)
 p - a +0 shortbow
Missiles
 f - 30 arrows
 g - 20 sling bullets
 j - 57 stones (quivered)
Armour
 o - a +0 leather armour (worn)
Scrolls
 d - a scroll of random uselessness {unknown}
 l - 3 scrolls of identify {unknown}
 m - a scroll of fear {unknown}
 n - a scroll of amnesia {unknown}
Potions
 e - a potion of cancellation {unknown}
 h - a potion of mutation {unknown}
 i - 2 potions of agility {unknown}
 k - a potion of lignification {unknown}
 q - a potion of heal wounds {unknown}
Comestibles
 b - 4 chunks of flesh
 c - 6 rations


   Skills:
 + Level 4.4 Fighting
 * Level 5.3 Maces & Flails
 * Level 3.1 Armour
 + Level 2.6 Dodging
 * Level 1.6 Stealth


You had 4 spell levels left.
You didn't know any spells.
Your spell library was empty.

Dungeon Overview and Level Annotations

Branches:
Dungeon (2/15)

Altars:

Annotations:
D:2 Sigmund


Innate Abilities, Weirdness & Mutations

You reflexively headbutt those who attack you in melee.
You have a pair of horns on your head.


Message History

Sigmund is moderately wounded.
Sigmund gestures wildly while chanting.
Sigmund flickers and vanishes!
Deactivating autopickup; reactivate with Ctrl-A.
You barely miss something. Your headbutt misses something. Something hits you.
You miss something. Your headbutt misses something. Something hits you!
You hit something. Your headbutt misses something.
You hear some strange, mumbled words.
Something tries to affect you, but you resist.
Something hits you!
* * * LOW HITPOINT WARNING * * *
You see here a scroll labeled JEHESHR AGRER.
A magic dart appears from out of thin air!
The magic dart hits you!
* * * LOW HITPOINT WARNING * * *
You are near starving!
You see here a robe.
A puff of flame appears from out of thin air!
The puff of flame hits you!
You die...

#### #### # ###.##
#).# ...###....
.#.# #..###.##
##.....###
.....#####.##..#
..........
....#....##....##
##..###
#...####.##..###
....# #..........#
###.# #.###.....##
# #.####
#.#....#.......#
#....#
#..@##..#.####.#
####.#
###..####....#
#.### #...)#
###.(#
#...###.#.####
####
#####.....#...)#
###........#####.#
#...######.## #.#
##.### #..####.#
#....# ##...##.##


There were no monsters in sight!

Vanquished Creatures
  A centaur (D:2)
  2 adders (D:2)
  2 oozes (D:1)
  A dart slug (D:1)
  3 giant cockroaches
  8 goblins
  5 hobgoblins
  4 jackals (D:1)
  4 kobolds
  8 bats
  2 frilled lizards
  4 rats (D:1)
44 creatures vanquished.

Notes
Turn   | Place    | Note
-------+----------+-------------------------------------------
     0 | D:1      | whitewolfNL the Minotaur Berserker began the quest for the
                  | Orb.
     0 | D:1      | Reached XP level 1. HP: 19/19 MP: 0/0
   330 | D:1      | Reached XP level 2. HP: 24/27 MP: 1/1
   385 | D:1      | Reached skill level 4 in Maces & Flails
   625 | D:1      | Reached XP level 3. HP: 25/33 MP: 2/2
  1016 | D:1      | Reached ** piety under Trog
  1026 | D:1      | Reached skill level 1 in Stealth
  1356 | D:2      | Noticed a centaur
  1366 | D:2      | Killed a centaur
  1366 | D:2      | Reached skill level 5 in Maces & Flails
  1366 | D:2      | Reached XP level 4. HP: 23/41 MP: 3/3
  1720 | D:2      | Reached XP level 5. HP: 47/47 MP: 4/4
  1767 | D:2      | Noticed Sigmund
  1782 | D:2      | HP: 2/47 [something/magic dart (10)]
  1804 | D:2      | Killed from afar by Sigmund

Skill      XL: |  1  2  3 |
---------------+----------+-----
Maces & Flails | 4 5 |  5.3
Fighting       | 4 |  4.4
Stealth        | 1 |  1.6
Armour         | 3 |  3.1
Dodging        | |  2.6

Action                   |  1- 3 |  4- 6 || total
-------------------------+-------+-------++-------
Melee: Mace              |    79 |    18 ||    97
       Headbutt          |    11 |     1 ||    12
Invok: Berserk           |     1 |     1 ||     2
 Stab: Sleeping          |     4 |       ||     4
  Eat: Chunk             |     2 |     1 ||     3
Armor: Animal skin       |    22 |       ||    22
       Leather armour    |       |     3 ||     3
Dodge: Dodged            |    73 |     9 ||    82
